cohdb
Replays
Latest Replays
All Replays
Popular Replays
Top Player Replays
Match Explorer
How It Works
Community
CoH3 Stats
Reddit
Sign in to upload your games and track your stats! →
Sign in with Steam
Match 39361305
Unlisted
Match 39361305
Overview
Messages
Build Orders
End
Construct Infanterie Kompanie
MG 42 Machine Gun Team
Selects Mechanized Battlegroup
Grenadier Squad
Grenadier Squad
GrW 34 Mortar Team
Construct Luftwaffe Kompanie
Jäger Squad
Jäger Squad
Selects Spotting Scopes
Support Elements
Marder III M Tank Destroyer
Selects Wespe Self-propelled Artillery
Wespe Self-propelled Artillery
Medical Bunker
Luftwaffe Officer Quarters
Wespe Self-propelled Artillery
Jäger Squad
Marder III M Tank Destroyer
Wirbelwind Flakpanzer
Kettenkrad Recon Vehicle
Selects Raid Package
Nuclear Viking
Musketeer
LUCY
SlaughterWolves
💀Punisher💀
narrzilla
ETO420
PH0BB05
0
0
Comments
sign in to comment!
No comments posted yet!